 Dungeon Crawl Stone Soup version 0.30-a0-953-g5f1da4a474 (webtiles) character file.

Game seed: 10483511062063794330

89938 EonDragon20 the Black Belt (level 15, -5/117 HPs)
             Began as a Merfolk Transmuter on Mar 28, 2023.
             Was a High Priest of Fedhas.
             Killed from afar by a will-o-the-wisp (25 damage)
             ... with a foxfire
             ... on level 3 of the Swamp.
             The game lasted 03:43:32 (35343 turns).

EonDragon20 the Black Belt (Merfolk Transmuter)    Turns: 35343, Time: 03:43:33

Health: -5/117     AC:  2    Str: 12    XL:     15   Next: 99%
Magic:  28/28      EV: 39    Int: 18    God:    Fedhas [*****.]
Gold:   1529       SH:  0    Dex: 26    Spells: 17/32 levels left

rFire   . . .      SeeInvis .      - Unarmed
rCold   . . .      Faith    .    (shield currently unavailable)
rNeg    . . .      Spirit   .    m - melded +3 acid dragon scales
rPois   x          Reflect  .    d - melded +3 hat of Pessimism {rPois rF+++ Will- Dex+3}
rElec   .          Rampage  .    x - melded +1 cloak {rPois}
rCorr   .                        C - melded +0 pair of gloves
Will    +....                    o - melded +1 pair of boots {Fly}
Stlth   ++                       q - amulet of regeneration
HPRegen 1.19/turn                h - +6 ring of dexterity
MPRegen 0.21/turn                (no ring)

@: spider-form
A: venomous fangs, tiny, (nimble swimmer 2), (mertail)
a: End Transformation, Renounce Religion, Wall of Briars, Grow Ballistomycete,
Overgrow, Grow Oklob


You were on level 3 of the Swamp.
You worshipped Fedhas.
Fedhas was extremely pleased with you.
You were a venomous arachnid creature.
You visited 5 branches of the dungeon, and saw 25 of its levels.

You collected 1529 gold pieces.

Inventory:

Missiles
 u - 3 throwing nets
Armour
 d - the +3 hat of Pessimism (melded) {rPois rF+++ Will- Dex+3}
   (You acquired it on level 1 of the Dungeon)

   Dex:       It affects your dexterity (+3).
   rF:        It renders you almost immune to fire.
   rPois:     It protects you from poison.
   Will:      It decreases your willpower.
 m - +3 acid dragon scales (melded)
 o - a +1 pair of boots of flying (melded)
 x - a +1 cloak of poison resistance (melded)
 C - a +0 pair of gloves (melded)
Jewellery
 g - an amulet of reflection
 h - a +6 ring of dexterity (left front pincers)
 q - an amulet of regeneration (around neck)
 v - a ring of poison resistance
 F - a +6 ring of intelligence
 K - a +6 ring of dexterity
 L - an amulet of faith
Wands
 l - a wand of polymorph (16)
 p - a wand of paralysis (4)
 t - a wand of flame (23)
 w - a wand of digging (7)
 G - a wand of iceblast (7)
 M - a wand of light (2)
Scrolls
 a - 2 scrolls of teleportation
 e - 3 scrolls of amnesia
 y - 5 scrolls of fog
 B - 5 scrolls of identify
 D - 2 scrolls of enchant weapon
 E - 3 scrolls of poison
 N - a scroll of magic mapping
Potions
 b - 5 potions of lignification
 c - 4 potions of brilliance
 f - 2 potions of flight
 i - 10 potions of mutation
 j - a potion of resistance
 k - 4 potions of curing
 n - a potion of berserk rage
 r - 2 potions of ambrosia
 z - a potion of attraction
 A - 2 potions of might
 H - a potion of invisibility
 I - a potion of degeneration {unknown}
 J - a potion of cancellation


   Skills:
 + Level 10.5 Fighting
 * Level 14.5 Dodging
 * Level 15.1 Unarmed Combat
 + Level 9.2 Spellcasting
 - Level 4.3 Translocations
 * Level 14.9 Transmutations
 - Level 6.2 Ice Magic
 - Level 3.3 Poison Magic
 * Level 12.0 Invocations


You had 17 spell levels left.
You knew the following spells:

 Your Spells              Type           Power      Damage    Failure   Level
a - Beastly Appendage     Tmut           100%       N/A       1%          1
b - Wereblood             Tmut           58%        N/A       1%          2
c - Spider Form           Tmut/Pois      41%        N/A       4%          3
d - Ice Form              Ice/Tmut       46%        N/A       5%          4
e - Blink                 Tloc           48%        N/A       9%          2
f - Teleport Other        Tloc           24%        N/A       13%         3

Your spell library contained the following spells:

 Spells                   Type           Power      Damage    Failure   Level
 Lesser Beckoning         Tloc           48%        N/A       9%          2
 Gell's Gravitas          Tloc           24%        N/A       13%         3
 Momentum Strike          Conj/Tloc      32%        3d8       16%         2
 Poisonous Vapours        Pois/Air       28%        N/A       17%         2
 Kiss of Death            Conj/Necr      32%        2d7       22%         1
 Cigotuvi's Dreadful Rot  Necr/Pois/Air  24%        N/A       22%         2
 Vhi's Electric Charge    Tloc/Air       32%        N/A       26%         3
 Static Discharge         Conj/Air       16%        2-3/arc   30%         2
 Mephitic Cloud           Conj/Pois/Air  12%        N/A       34%         3
 Confusing Touch          Hex            8%         N/A       47%         3
 Inner Flame              Hex/Fire       8%         N/A       47%         3
 Summon Guardian Golem    Hex/Summ       8%         N/A       47%         3
 Cause Fear               Hex            4%         N/A       83%         4
 Dispel Undead            Necr           8%         3d8       83%         4
 Arcjolt                  Conj/Air       4%         1d14      98%         5
 Plasma Beam              Fire/Air       4%         2x1d10    98%         5
 Dispersal                Tloc           12%        N/A       98%         6
 Orb of Destruction       Conj           4%         9d5       100%        7
 Spellforged Servitor     Conj/Summ      4%         N/A       100%        7
 Discord                  Hex            4%         N/A       100%        8


Dungeon Overview and Level Annotations

Branches:
Dungeon (15/15)            Temple (1/1) D:4            Lair (5/5) D:11
  Swamp (3/4) Lair:3        Snake (1/4) Lair:3        Slime (0/5) Lair:4
    Orc (0/2) D:9          Vaults (0/5) D:13
 Depths: D:15

Altars:
Ashenzari
Cheibriados
Dithmenos
Elyvilon
Fedhas
Gozag
Hepliaklqana
Kikubaaqudgha
Makhleb
Nemelex Xobeh
Okawaru
Qazlal
Ru
Sif Muna
Trog
Uskayaw
Vehumet
Wu Jian
Xom
Yredelemnul
Zin
The Shining One
Jiyva

Shops:
D:2 =   D:10 [

Portals:
Trove: D:12 (give +6 demon whip)

Annotations:
D:5 1 runed translucent door, Crazy Yiuf
D:6 1 runed translucent door, sargonster's ghost, novice DgFi
D:15 Nessos
Lair:1 1 runed translucent door
Swamp:3 3 runed translucent doors, Darkkill's ghost, adept MiHu
Snake:1 Rupert


Innate Abilities, Weirdness & Mutations

You are a venomous arachnid creature.
You have venomous fangs.
You are tiny and dextrous.
Your spellcasting is less reliable in this form.
Your armour is entirely melded.
You are incapable of wielding weapons or throwing items.
((You are very nimble when in or above water. (Stealth+, EV+, Speed+++)))
((Your lower body shifts to a powerful aquatic tail in water.))


Message History

Fedhas appreciates your contribution to the ecosystem.
You kill the hornet!
Fedhas appreciates your contribution to the ecosystem.
The spriggan rider closely misses you.
You hit the spriggan rider.
The spriggan rider is lightly wounded.
The spriggan rider hits you with a +0 spear!!
* * * LOW HITPOINT WARNING * * *
You hit the spriggan rider.
The spriggan rider is lightly wounded.
You bite the spriggan rider!
The spriggan rider is poisoned.
The spriggan rider is moderately wounded.
The spriggan rider hits you with a +0 spear!!
* * * LOW HITPOINT WARNING * * *
You closely miss the spriggan rider.
The spriggan rider is heavily wounded.
You kill the hornet!
Fedhas appreciates your contribution to the ecosystem.
The spriggan falls from its now dead mount.
You miss the spriggan.
The spriggan is lightly wounded.
You hit the spriggan.
The spriggan looks as sick as possible!
The spriggan is lightly wounded.
The spriggan completely misses you.
You maul the spriggan!!
The spriggan is almost dead.
You kill the spriggan!
Fedhas appreciates your contribution to the ecosystem.
You see here a +0 sling.
The will-o-the-wisp gives a chilling moan.
The will-o-the-wisp gestures.
The will-o-the-wisp conjures some foxfire!
A foxfire comes into view.
A foxfire comes into view.
The foxfire hits you!
* * * LOW HITPOINT WARNING * * *
Okay, then.
You feel better. The foxfire hits you!!
You die...
Fedhas appreciates your contribution to the ecosystem.

♣♣♣♣♣♣♣♣ ♣♣♣♣♣♣♣♣♣♣♣ ♣♣
♣♣.♣~♣.~♣♣♣..♣.[..♣.♣♣♣.♣♣♣
♣♣.~~..~.§♣~~...~..~..♣~...♣
~~....~~.§~~.....~.♣..~.....
~.~...~..~§v~.~~...~........
...~.~.♣.~.§§§..~.~..)....~♣
~..~~..~~.~.§§§vs..~.).~.~♣.
.~...~...~.~.......)...~....
♣~~..~.~.~.~~~~...~~~.~.~...
♣♣~..~~..~.~.~.~..~......~..
~.♣....~....~..~~..~........
.~.♣.~~....~..~.~..~.~.~~.~~
.~..~....~~........~~...~~.~
~~.....~..~.......~~~~~~..~.
♣..~...~..~##+++##♣.~...~~~.


You could see a will-o-the-wisp.

Vanquished Creatures
  Kirke (Lair:3)
  A ghoul (Swamp:2)
  3 eleionomae
  3 bunyips
  Josephine (Swamp:1)
  3 hydras
  Harold (D:10)
  3 vault guards (D:13)
  A catoblepas (Lair:2)
  A ghost crab (Swamp:2)
  2 boulder beetles
  3 centaur warriors
  6 alligators
  Erica (Lair:2)
  A tengu warrior (D:14)
  3 two-headed ogres
  Urug (D:10)
  A shock serpent (Snake:1)
  2 death yaks (Lair:2)
  14 spriggans
  Sonja (Lair:5)
  A death drake (shapeshifter) (D:14)
  7 bog bodies
  Pikel (D:5)
  2 spriggan druids (Swamp:2)
  3 swamp dragons
  2 lindwurms
  A harpy (shapeshifter) (D:14)
  A deep elf zephyrmancer (D:7)
  An ugly thing (D:14)
  3 deep elf pyromancers
  A mana viper (Snake:1)
  A salamander (Lair:3)
  A will-o-the-wisp (Swamp:3)
  2 manticores
  4 cyclopes
  3 elephants (Lair:4)
  5 black mambas
  Maurice (D:8)
  A torpor snail (Lair:2)
  Maggie (D:8)
  Joseph (D:8)
  A cane toad (Lair:5)
  A kobold demonologist (D:12)
  9 komodo dragons
  3 rime drakes
  3 unseen horrors
  5 trolls
  6 tyrant leeches
  Grinder (D:5)
  29 blink frogs
  13 hornets
  9 dream sheep
  A jumping spider (shapeshifter) (D:14)
  8 slime creatures
  3 wyverns
  28 yaks
  10 wraiths
  3 shadows
  8 humans
  A vampire (D:11)
  3 basilisks
  5 steam dragons
  10 vampire mosquitoes
  Menkaure (D:5)
  10 swamp worms
  2 nagas (Snake:1)
  3 acid dragons
  18 water moccasins
  Duvessa (D:7)
  A swamp drake (Lair:5)
  2 ice beasts
  5 orc warriors
  3 black bears
  51 wolves
  An ogre (D:6)
  5 centaurs
  2 lemures (D:5)
  5 kobold brigands
  13 bullfrogs
  4 gnoll sergeants
  6 scorpions
  6 wights
  Dowan (D:7)
  9 killer bees
  An electric eel (Lair:3)
  A howler monkey (D:13)
  5 hounds
  6 jellies
  12 orc priests
  Jessica (D:3)
  9 iguanas
  14 orc wizards
  21 gnolls
  5 adders
  A shadow imp (D:7)
  A white imp (D:6)
  An ufetubus (D:6)
  3 worms
  2 dart slugs
  33 orcs
  2 endoplasms (D:1)
  A giant cockroach (D:3)
  A goblin (D:1)
  6 hobgoblins
  8 jackals
  4 quokkas
  6 ball pythons
  4 bats
  2 frilled lizards
  18 kobolds
  6 rats
  A spectral orc (D:11)
  A butterfly (Lair:2)
581 creatures vanquished.

Vanquished Creatures (collateral kills)
  Donald (Swamp:1)
  A fenstrider witch (Swamp:2)
  2 hydras
  A death yak (Lair:2)
  A cane toad (Lair:5)
  An efreet (D:12)
7 creatures vanquished.

Vanquished Creatures (others)
  A bloated husk (Swamp:2)
  5 humans
  3 foxfires (Swamp:3)
  87 fungi
  113 plants
209 creatures vanquished.

Grand Total: 797 creatures vanquished

Notes
Turn   | Place    | Note
-------+----------+-------------------------------------------
     0 | D:1      | EonDragon20 the Merfolk Transmuter began the quest for the
                  | Orb.
     0 | D:1      | Reached XP level 1. HP: 15/15 MP: 3/3
   210 | D:1      | Reached XP level 2. HP: 21/21 MP: 5/5
   536 | D:1      | Learned a level 2 spell: Wereblood
   668 | D:1      | Identified a scroll of acquirement
   668 | D:1      | Acquired the +3 hat of Pessimism {rPois rF+++ Will- Dex+3}
   680 | D:2      | Found Gatiuplika's Jewellery Shoppe.
   876 | D:2      | Reached XP level 3. HP: 24/26 MP: 6/6
  1079 | D:2      | Learned a level 3 spell: Spider Form
  1366 | D:2      | Reached skill level 4 in Unarmed Combat
  1689 | D:3      | Reached XP level 4. HP: 29/33 MP: 5/7
  1866 | D:3      | Reached skill level 1 in Poison Magic
  2078 | D:3      | Noticed an orc warrior
  2180 | D:3      | Found a faded altar of an unknown god.
  2185 | D:3      | Reached XP level 5. HP: 29/38 MP: 6/8
  2614 | D:4      | Noticed a black bear
  2654 | D:4      | Killed a black bear
  2655 | D:4      | Reached skill level 5 in Transmutations
  2655 | D:4      | Reached XP level 6. HP: 42/45 MP: 7/10
  2673 | D:4      | Found a staircase to the Ecumenical Temple.
  2690 | Temple   | Entered the Ecumenical Temple
  2852 | Temple   | Became a worshipper of Fedhas Madash
  3154 | D:4      | Reached skill level 5 in Unarmed Combat
  3512 | D:4      | Acquired a +1 pair of boots of flying
  4139 | D:3      | Killed an orc warrior
  4140 | D:3      | Reached XP level 7. HP: 22/51 MP: 9/11
  4322 | D:3      | Noticed Jessica
  4330 | D:3      | Learned a level 4 spell: Ice Form
  4343 | D:3      | Killed Jessica
  4440 | D:3      | Found a shimmering blue altar of Sif Muna.
  4648 | D:5      | Entered Level 5 of the Dungeon
  4854 | D:5      | Noticed Menkaure
  4946 | D:5      | Reached skill level 1 in Ice Magic
  5320 | D:5      | Killed Menkaure
  5475 | D:5      | Reached skill level 6 in Unarmed Combat
  5475 | D:5      | Reached XP level 8. HP: 58/58 MP: 0/13
  5642 | D:5      | Noticed Pikel
  6077 | D:5      | Reached * piety under Fedhas
  6110 | D:5      | Found a runed translucent door.
  6111 | D:5      | Noticed Crazy Yiuf
  6398 | D:5      | Noticed Grinder
  6435 | D:5      | Killed Grinder
  6548 | D:5      | Killed Pikel
  6549 | D:5      | Reached skill level 7 in Unarmed Combat
  6549 | D:5      | Reached XP level 9. HP: 62/66 MP: 11/15
  6788 | D:6      | Reached skill level 5 in Ice Magic
  7154 | D:6      | Noticed sargonster's ghost (novice DgFi)
  7157 | D:6      | Found a runed translucent door.
  7912 | D:6      | Reached ** piety under Fedhas
  7916 | D:6      | Reached skill level 5 in Fighting
  7926 | D:6      | Reached skill level 8 in Unarmed Combat
  8423 | D:7      | Noticed Duvessa
  8461 | D:7      | Noticed Dowan
  8544 | D:6      | Reached XP level 10. HP: 74/74 MP: 12/17
  8660 | D:7      | Killed Duvessa
  8724 | D:7      | Killed Dowan
  8787 | D:7      | Reached skill level 5 in Spellcasting
  8794 | D:7      | Reached skill level 10 in Transmutations
  8981 | D:7      | Noticed a deep elf zephyrmancer
  8989 | D:7      | Killed a deep elf zephyrmancer
  8990 | D:7      | Reached skill level 9 in Unarmed Combat
  9836 | D:8      | Reached *** piety under Fedhas
  9865 | D:8      | Found a bloodstained altar of Trog.
 10115 | D:8      | Noticed Joseph
 10239 | D:8      | Noticed Maurice
 10245 | D:8      | Killed Maurice
 10494 | D:8      | Killed Joseph
 10635 | D:8      | Noticed Maggie
 10655 | D:8      | Killed Maggie
 10656 | D:8      | Reached skill level 1 in Invocations
 11057 | D:8      | Reached XP level 11. HP: 72/83 MP: 17/19
 11082 | D:8      | Reached skill level 10 in Unarmed Combat
 11598 | D:9      | Found a staircase to the Orcish Mines.
 11921 | D:9      | Reached skill level 5 in Dodging
 12029 | D:10     | Entered Level 10 of the Dungeon
 12137 | D:10     | Reached **** piety under Fedhas
 12323 | D:10     | Noticed Harold
 12384 | D:10     | Noticed Urug
 12403 | D:10     | Killed Urug
 12604 | D:10     | Noticed a sea snake
 12799 | D:10     | Found Biqon's Armour Emporium.
 13257 | D:10     | Noticed a sea snake
 14207 | D:11     | Found a staircase to the Lair.
 14349 | D:11     | Reached skill level 5 in Invocations
 14597 | D:11     | Reached skill level 11 in Unarmed Combat
 14850 | D:11     | Reached XP level 12. HP: 91/91 MP: 17/21
 14899 | D:11     | Found a basalt altar of Yredelemnul.
 14972 | Lair:1   | Entered Level 1 of the Lair of Beasts
 15809 | Lair:1   | Reached ***** piety under Fedhas
 16145 | Lair:1   | Found a runed translucent door.
 16332 | Lair:2   | You fall into a shaft and drop 2 floors!
 16580 | Lair:3   | Noticed a death yak
 16580 | Lair:3   | Noticed a death yak
 16580 | Lair:3   | Noticed a death yak
 17078 | Lair:4   | Found a staircase to the Slime Pits.
 17078 | Lair:4   | Found a viscous altar of Jiyva.
 17125 | Lair:4   | Reached skill level 12 in Unarmed Combat
 17450 | Lair:2   | Noticed a catoblepas
 17450 | Lair:2   | Noticed Erica
 17577 | Lair:2   | Reached XP level 13. HP: 98/98 MP: 17/23
 18015 | Lair:2   | Killed Erica
 18016 | Lair:2   | Reached skill level 10 in Dodging
 19015 | Lair:3   | Found a staircase to the Snake Pit.
 19034 | Lair:3   | Learned a level 2 spell: Blink
 19038 | Lair:3   | Learned a level 3 spell: Teleport Other
 19266 | Lair:3   | Found a staircase to the Swamp.
 19427 | Lair:4   | Reached skill level 1 in Translocations
 19681 | Lair:5   | Entered Level 5 of the Lair of Beasts
 20036 | Lair:4   | Reached skill level 13 in Unarmed Combat
 20764 | Lair:5   | Noticed Sonja
 20785 | Lair:5   | Killed Sonja
 20908 | Lair:5   | Reached XP level 14. HP: 20/108 MP: 17/26
 21813 | D:10     | Killed Harold
 22073 | D:12     | Found a portal to a secret trove of treasure.
 23063 | D:12     | Reached skill level 10 in Invocations
 24465 | D:13     | Found a gate to the Vaults.
 25329 | D:14     | Found an iron altar of Okawaru.
 25716 | D:14     | Reached skill level 14 in Unarmed Combat
 26547 | D:15     | Entered Level 15 of the Dungeon
 27556 | D:15     | Found a broken altar of Ashenzari.
 27577 | D:15     | Noticed Nessos
 28039 | Swamp:1  | Entered Level 1 of the Swamp
 28226 | Swamp:1  | Noticed a fenstrider witch
 28228 | Swamp:1  | Paralysed by a fenstrider witch for 4 turns
 28245 | Swamp:1  | Paralysed by a fenstrider witch for 3 turns
 28606 | Lair:3   | Paralysed by a fenstrider witch for 3 turns
 29417 | Snake:1  | Entered Level 1 of the Snake Pit
 29633 | Lair:3   | Reached XP level 15. HP: 73/115 MP: 24/27
 29812 | Snake:1  | Noticed Rupert
 30075 | Swamp:1  | Noticed Kirke
 30287 | Lair:3   | Killed Kirke
 30487 | Swamp:1  | Reached skill level 10 in Fighting
 30531 | Swamp:1  | Noticed Donald
 30546 | Swamp:1  | Killed Donald
 31062 | Swamp:1  | Noticed Josephine
 31302 | Swamp:1  | Killed Josephine
 32363 | Swamp:2  | Noticed a fenstrider witch
 32379 | Swamp:2  | Killed a fenstrider witch
 32924 | Swamp:2  | Noticed a ghoul
 33084 | Swamp:2  | Killed a ghoul
 33129 | Swamp:2  | Found a hazy altar of Hepliaklqana.
 34050 | Swamp:2  | Reached skill level 15 in Unarmed Combat
 34511 | Swamp:3  | Found a runed translucent gate.
 34511 | Swamp:3  | Found a runed translucent gate.
 34511 | Swamp:3  | Found a runed translucent gate.
 34524 | Swamp:3  | Noticed Darkkill's ghost (adept MiHu)
 35343 | Swamp:3  | Killed from afar by a will-o-the-wisp

Illustrated notes

Levels and vault maps discovered:
D:1:      minmay_arrival_checkered_box, layout_basic
D:2:      layout_rooms, serial_shops, shop_statue
D:3:      layout_basic, tgw_sif, basic_ecumenical_altar, uniq_jessica
D:4:      layout_loops_ring, minmay_temple_entry_antechambers,
          serial_co_window_serial, co_window_paths_b, co_window_paths_a,
          co_window_paths_b, co_window_paths_a, co_window_of_opportunity_a,
          co_window_corner_a, co_window_paths_a, co_window_broadway_a,
          co_window_corner_ca, co_window_unsneaky_path_e, co_window_2corner,
          co_window_corner_b, co_window_paths_c, co_window_4corner_a,
          co_window_paths_e, glass_columns_a, glass_columns_b, glass_columns_c
D:5:      layout_basic, uniq_menkaure, uniq_grinder, uniq_pikel,
          uniq_crazy_yiuf_cottage
D:6:      wander_river, layout_basic, hellmonk_ghost_happy_afterlife,
          grunt_ministairs_10, minivault_27
D:7:      layout_rooms, grunt_decor_fettered, guppyfry_early_elven_hall,
          uniq_duvessa
D:8:      layout_gridville, amcnicky_altar_gilded, wad_floor_pattern_2,
          uniq_joseph, uniq_maurice, uniq_maggie
D:9:      layout_cave_pools, orc_0_dummy, chequers_serial_rivers_large_b,
          minivault_19
D:10:     layout_loops_corners, serial_aquarium, aquarium_bridge_island_small
          [aquarium_subvault_small_open, aquarium_subvault_window,
          aquarium_subvault_wall, aquarium_subvault_bridge,
          aquarium_subvault_wall], aquarium_bridge_square
          [aquarium_subvault_balcony, aquarium_subvault_bridge,
          aquarium_subvault_wall, aquarium_subvault_wall], aquarium_window_1,
          aquarium_window_fake, aquarium_view_2f, aquarium_view_2c,
          serial_shops, nicolae_shop_crystal, uniq_harold, uniq_urug
D:11:     layout_basic, due_lair_maze_entry_diamond, gauntlet_entry_generic,
          portal_ice_cave_rime, yredelemnul_forgotten_temple_becter
D:12:     layout_basic, enter_trove_1, kennysheep_generic_room_5
D:13:     layout_cave_pods, ximxim_vaults_locker_room
D:14:     layout_irregular_city, okawaru_gym_becter
D:15:     grunt_enter_depths_magical_seal, layout_basic,
          evilmike_ruin_ashenzari, nicolae_looking_at_the_future, uniq_nessos
Temple:   nicolae_temple_bog_church
Lair:1:   layout_big_grid, pdpol_lair_cabin_in_the_woods
Lair:2:   layout_roguey, infiniplex_staircase_pool, lemuel_fruit_fields,
          grunt_megastairs_1, uniq_erica
Lair:3:   layout_hall_layers, nicolae_swamp_entry_splash_gauntlet,
          dummy_snake_entry, beast_lair_carwin_11
Lair:4:   layout_roguey, minmay_slime_entry_pillars,
          nicolae_volcano_entry_s_turn, minivault_11,
          infiniplex_staircase_pool_2
Lair:5:   guppyfry_lair_end_dragon, layout_cave_pods, wormcave,
          grunt_forest_large_clearings, uniq_sonja
Swamp:1:  layout_basic_swamp, nicolae_swamp_round_clearing, uniq_josephine,
          uniq_donald, uniq_kirke
Swamp:2:  layout_basic_swamp, nicolae_swamp_trees_clearing, swamp_pool3,
          lemuel_altar_in_water
Swamp:3:  layout_falls_marsh, gammafunk_ghost_hydra_chop,
          evilmike_swamp_ruin_house_1
Snake:1:  layout_misc_corridors, serial_shops, shop, minmay_shoptagon,
          uniq_rupert, uniq_aizul

Skill      XL: |  1  2  3  4  5  6  7  8  9 10 11 12 13 14 15 |
---------------+----------------------------------------------+-----
Transmutations | 3 4 5 6 8 9 11 12 13 14 | 14.9
Unarmed Combat | 4 5 6 7 8 9 11 12 13 14 15 | 15.1
Poison Magic   | 1 2 3 |  3.3
Fighting       | 2 3 4 5 6 7 8 9 10 | 10.5
Spellcasting   | 3 4 5 6 7 8 9 |  9.2
Ice Magic      | 2 4 6 |  6.2
Dodging        | 3 7 9 11 13 14 | 14.5
Invocations    | 2 5 7 9 10 12 | 12.0
Translocations | 2 4 |  4.3

Action                     |  1- 3 |  4- 6 |  7- 9 | 10-12 | 13-15 || total
---------------------------+-------+-------+-------+-------+-------++-------
  Melee: Dagger            |   173 |   142 |    52 |       |       ||   367
         Headbutt          |     9 |    16 |    15 |     4 |    12 ||    56
         Punch             |     2 |     3 |     1 |     2 |     4 ||    12
         Unarmed           |       |    17 |   184 |   622 |  1063 ||  1886
   Cast: Beastly Appendage |     6 |     7 |     6 |     3 |     7 ||    29
         Wereblood         |     1 |     1 |     4 |     7 |       ||    13
         Spider Form       |       |     3 |     7 |    17 |    49 ||    76
         Ice Form          |       |       |    20 |    55 |    99 ||   174
         Blink             |       |       |       |       |    12 ||    12
         Teleport Other    |       |       |       |       |     1 ||     1
 Invoke: Grow Oklob        |       |       |       |       |    10 ||    10
         Wall of Briars    |       |       |       |       |    17 ||    17
  Evoke: Wand              |       |       |       |    15 |    16 ||    31
    Use: Scroll            |     3 |     8 |     7 |    11 |    12 ||    41
         Potion            |       |     1 |     3 |    11 |    10 ||    25
   Stab: Sleeping          |     4 |     2 |       |       |     1 ||     7
         Paralysed         |       |       |       |       |     1 ||     1
 Armour: Robe              |    34 |    19 |    14 |       |       ||    67
         Skin              |       |     1 |    43 |   141 |   180 ||   365
         Acid dragon scale |       |       |       |    21 |    32 ||    53
  Dodge: Dodged            |    70 |    81 |   146 |   413 |   910 ||  1620
  Block: Other             |    18 |    33 |    62 |   150 |   223 ||   486
         Reflection        |     1 |     2 |     5 |     2 |    12 ||    22

Table legend: (Time is in decaauts)
 A = Elapsed time spent in this place.
 B = Non-inter-level travel time spent in this place.
 C = Inter-level travel time spent in this place.
 D = Time resting spent in this place.
 E = Time spent auto-exploring this place.
 F = Levels seen in this place.
 G = Mean time per level.
                   A        B        C        D        E       F      G
               +--------+--------+--------+--------+--------+-----+--------+
         Total |  34749 |  32772 |   1977 |  12796 |    167 |  25 | 1390.0 |
       Dungeon |  21364 |  19780 |   1584 |   6656 |    167 |  15 | 1424.3 |
        Temple |    156 |    156 |      0 |      0 |      0 |   1 |  156.0 |
          Lair |   8532 |   8221 |    311 |   4030 |      0 |   5 | 1706.4 |
         Swamp |   4474 |   4392 |     82 |   1984 |      0 |   3 | 1491.3 |
     Snake Pit |    220 |    220 |      0 |    124 |      0 |   1 |  220.0 |
               +--------+--------+--------+--------+--------+-----+--------+

Top non-repeatable levels by time:
  Lair:3: 2740 daAuts
    D:11: 2355 daAuts
 Swamp:2: 2085 daAuts
    D:14: 2008 daAuts
  Lair:2: 1986 daAuts
     D:4: 1867 daAuts
  Lair:4: 1841 daAuts
     D:6: 1835 daAuts
 Swamp:1: 1781 daAuts
     D:5: 1725 daAuts
    D:10: 1705 daAuts
    D:13: 1653 daAuts
     D:8: 1524 daAuts
     D:3: 1501 daAuts
    D:12: 1357 daAuts
